 Dungeon Crawl Stone Soup version 0.31-a0-1338-gb567cfdca4 (webtiles) character file.

Game seed: 2651263146110121116

21 bmb222 the Cudgeller (level 2, -5/31 HPs)
             Began as an Oni Gladiator on Dec 22, 2023.
             Slain by Natasha (8 damage)
             ... on level 2 of the Dungeon.
             The game lasted 00:00:30 (786 turns).

bmb222 the Cudgeller (Oni Gladiator)                 Turns: 786, Time: 00:00:31

Health: -5/31      AC:  3    Str: 17    XL:     2   Next: 87%
Magic:  2/2        EV: 10    Int:  9    God:
Gold:   88         SH:  0    Dex: 10    Spells: 1/1 levels left

rFire   . . .        a - +0 flail
rCold   . . .        (no shield)
rNeg    . . .        b - +0 robe
rPois   .            c - +0 hat
rElec   .            (no cloak)
rCorr   .            (gloves unavailable)
SInv    .            (boots unavailable)
Will    .....        (no amulet)
Stlth   +            (no ring)
HPRegen 0.25/turn    (no ring)
MPRegen 0.08/turn

%: no passive effects
@: no status effects
A: drunken brawling, large, unfitting armour, horns 1, tough skin 1, double
potion healing
a: no special abilities


You were on level 2 of the Dungeon.
You visited 1 branch of the dungeon, and saw 2 of its levels.

You collected 88 gold pieces.

Inventory:

Hand Weapons
 a - a +0 flail (weapon)
Missiles
 d - 3 throwing nets (quivered)
 e - a large rock
Armour
 b - a +0 robe (worn)
 c - a +0 hat (worn)
Scrolls
 g - a scroll of amnesia {unknown}
 i - a scroll of identify {unknown}
Potions
 f - a potion of curing {unknown}
 h - a potion of lignification {unknown}


   Skills:
 + Level 3.1 Fighting
 * Level 3.3 Maces & Flails
 + Level 2.3 Throwing
 + Level 2.9 Dodging


You had one spell level left.
You didn't know any spells.
Your spell library contained the following spells:

 Spells                   Type           Power      Damage    Failure   Level
 Gell's Gravitas          Tloc           0%         N/A       77%         3
 Teleport Other           Tloc           0%         N/A       77%         3
 Dispersal                Tloc           0%         N/A       100%        6


Dungeon Overview and Level Annotations

Branches:
Dungeon (2/15)

Altars:

Annotations:
D:2 Natasha


Innate Abilities, Weirdness & Mutations

Whenever you drink a potion that restores your health or magic, you attack all enemies around you.
You are too large for most types of armour.
You have a pair of small horns on your head.
You have tough skin. (AC +1)
Whenever you drink a potion that restores your health or magic, it restores twice as much.


Message History

You barely miss Natasha. Your headbutt misses Natasha.
Natasha claws you but does no damage.
You closely miss Natasha. Natasha claws you.
* * * LOW HITPOINT WARNING * * *
You closely miss Natasha. You headbutt Natasha!
Natasha is heavily wounded.
Natasha closely misses you.
You barely miss Natasha. Your headbutt misses Natasha.
Natasha is heavily wounded.
Natasha barely misses you. x2
You barely miss Natasha.
Natasha is heavily wounded.
Natasha misses you.
Unknown command.
You closely miss Natasha.
Natasha is heavily wounded.
Natasha claws you!
* * * LOW HITPOINT WARNING * * *
You hit Natasha.
Natasha is severely wounded.
Natasha growls.
Natasha claws you.
* * * LOW HITPOINT WARNING * * *
You hit Natasha but do no damage.
Natasha is severely wounded.
Natasha mumbles some strange words.
Natasha casts a spell at you. The magic dart hits you.
* * * LOW HITPOINT WARNING * * *
You closely miss Natasha. You headbutt Natasha, but do no damage.
Natasha is severely wounded.
Natasha casts a spell at you. You resist with significant effort.
The cerulean imp hits you but does no damage.
Unknown command.
You barely miss Natasha. Your headbutt misses Natasha.
Natasha is severely wounded.
The cerulean imp hits you but does no damage.
Natasha claws you!
You die...
Natasha curls up and begins to purr.

...# ##...#### .#
........#
...#####.........
.....#...>.....
.........#.##
#h.....!.<..
..###.@.....#.##
#..
.....5...$.......
..#
.........†.....#
#.#
..#.........##>..
... .
####....#.....#
#.#
####....#####.#
#(# ........#
#.#####^##
#######.#
#....<.... #.#
#######.##


You could see Natasha and a cerulean imp (summoned).

Vanquished Creatures
  2 ball pythons (D:1)
  3 goblins (D:1)
  4 quokkas
  5 frilled lizards (D:1)
  5 kobolds (D:1)
  2 rats (D:1)
21 creatures vanquished.

Notes
Turn   | Place    | Note
-------+----------+-------------------------------------------
     0 | D:1      | bmb222 the Oni Gladiator began the quest for the Orb.
     0 | D:1      | Reached XP level 1. HP: 22/22 MP: 1/1
   129 | D:1      | Reached XP level 2. HP: 29/29 MP: 2/2
   773 | D:2      | Noticed Natasha
   786 | D:2      | Slain by Natasha

Illustrated notes

Levels and vault maps discovered:
D:1:      roderic_dead_forest, layout_loops_ring, glass_columns_a,
          glass_columns_b
D:2:      layout_loops_ring, minmay_misc_feat_columns, uniq_sigmund,
          uniq_natasha

Skill      XL: |  1  2 |
---------------+-------+-----
Fighting       | 3 |  3.1
Maces & Flails | |  3.3
Throwing       | |  2.3
Dodging        | |  2.9

Action                     || total
---------------------------++-------
  Melee: Flail             ||    66
         Headbutt          ||     9
         Punch             ||     1
 Armour: Robe              ||    38
  Dodge: Dodged            ||    33

Table legend: (Time is in decaauts)
 A = Elapsed time spent in this place.
 B = Non-inter-level travel time spent in this place.
 C = Inter-level travel time spent in this place.
 D = Time resting spent in this place.
 E = Time spent auto-exploring this place.
 F = Levels seen in this place.
 G = Mean time per level.
                   A        B        C        D        E       F      G
               +--------+--------+--------+--------+--------+-----+--------+
         Total |    801 |    780 |     21 |      0 |    624 |   2 |  400.5 |
       Dungeon |    801 |    780 |     21 |      0 |    624 |   2 |  400.5 |
               +--------+--------+--------+--------+--------+-----+--------+

Top non-repeatable levels by time:
     D:1: 748 daAuts
     D:2: 52 daAuts
